cohdb
Replays
Latest Replays
All Replays
Popular Replays
Top Player Replays
Match Explorer
How It Works
Community
CoH3 Stats
Reddit
Sign in to upload your games and track your stats! →
Sign in with Steam
Match 40568640
Unlisted
Match 40568640
Overview
Messages
Build Orders
End
Vickers Machine Gun Team
Construct Section Command Post
Infantry Section
Infantry Section
Infantry Section
Construct Field Infirmary
Grenade Package
Infantry Section
Infantry Section
Construct Platoon Command Post
Humber Armored Car
Infantry Training
Construct Company Command Post
Selects Heavy Armor Battlegroup
Selects Rigorous Vehicle Training
Selects Light Vehicle Withdraw and Refit
Selects UNKNOWN (202330)
Selects Recon Artillery
Crusader AA Medium Tank
Crusader II Medium Tank
Kellock93
=LK=VLADIMIR_PUTIN (Пупкин)
[GG]Onkel Stonkel
[GG]Quiq
Traanquheal
Cushlashed
Joker
jhc0928d
0
0
Comments
sign in to comment!
No comments posted yet!